 Dungeon Crawl Stone Soup version 0.27-a0-631-g2d681adce0 (webtiles) character file.

Game seed: 11098561827147567228

37 tilp the Sneak (level 3, -2/23 HPs)
             Began as an Octopode Transmuter on Mar 13, 2021.
             Slain by a kobold
             ... wielding a +0 club
              (3 damage)
             ... on level 2 of the Dungeon.
             The game lasted 00:01:30 (1135 turns).

tilp the Sneak (Octopode Transmuter)                Turns: 1135, Time: 00:01:31

Health: -2/23      AC:  1    Str:  9    XL:     3   Next: 41%
Magic:  3/6        EV: 13    Int: 16    God:
Gold:   24         SH:  0    Dex: 12    Spells: 3/6 levels left

rFire    . . .     SeeInvis .     - Unarmed
rCold    . . .     Faith    .   (no shield)
rNeg     . . .     Spirit   .   (helmet currently unavailable)
rPois    .         Reflect  .   (no amulet)
rElec    .         Harm     .   (no ring)
rCorr    .         Rampage  .   (no ring)
Will     .....                  (no ring)
Stlth    +++.......             (no ring)
HPRegen  0.07/turn              (no ring)
MPRegen  0.10/turn              (no ring)
                                (no ring)
                                (no ring)

@: appendages, wereblooded
A: tentacle spike 3, almost no armour, amphibious, 8 rings, camouflage 1,
gelatinous body 1, nimble swimmer 1, tentacles
a: End Transformation


You were on level 2 of the Dungeon.
One of your tentacles had grown a beastly spike.
You visited 1 branch of the dungeon, and saw 2 of its levels.

You collected 24 gold pieces.

Inventory:

Missiles
 d - 13 poisoned darts (quivered)
Scrolls
 a - 2 scrolls of identify
Potions
 b - a potion of curing {unknown}
 c - a potion of attraction
 e - 2 potions of brilliance {unknown}


   Skills:
 + Level 1.1 Fighting
 - Level 2.0 Dodging
 - Level 4.0 Stealth
 * Level 3.1 Unarmed Combat
 - Level 2.0 Spellcasting
 - Level 2.0 Transmutations


You had 3 spell levels left.
You knew the following spells:

 Your Spells              Type           Power      Damage    Failure   Level
a - Beastly Appendage     Tmut           16%        N/A       9%          1
b - Wereblood             Tmut           8%         N/A       14%         2

Your spell library contained the following spells:

 Spells                   Type           Power      Damage    Failure   Level
 Spider Form              Tmut/Pois      2%         N/A       38%         3
 Ice Form                 Ice/Tmut       4%         N/A       80%         4
 Blade Hands              Tmut           4%         N/A       94%         5


Dungeon Overview and Level Annotations

Branches:
Dungeon (2/15)

Altars:

Annotations:
D:2 Jessica


Innate Abilities, Weirdness & Mutations

One of your tentacles has grown a beastly spike.
You cannot wear most types of armour.
You are amphibious.
You can wear up to eight rings at the same time.
Your skin changes colour to match your surroundings (Stealth+).
Your rubbery body absorbs attacks. (AC +1, EV +1)
You are stealthy while swimming. (Stealth+)
You have tentacles for arms and can constrict up to eight enemies at once.


Message History

You see here a giant cockroach corpse.
e - 2 bubbling yellow potions A kobold comes into view.
A kobold is nearby!
A kobold is nearby!
A kobold is nearby!
A rat and Jessica come into view.
The kobold shouts!
You hear a shout!
A kobold comes into view. It is wielding a +0 club.
Found 16 gold pieces.
The kobold throws a stone.
The stone closely misses you.
Found a faded altar of an unknown god.
The kobold throws a stone.
The stone hits you but does no damage.
Casting: Beastly Appendage (safe; 9% risk of failure)
Confirm with . or Enter, or press ? or * to list all spells.
One of your tentacles grows a vicious spike.
The kobold closely misses you.
Casting: Beastly Appendage (safe; 9% risk of failure)
Confirm with . or Enter, or press ? or * to list all spells.
Your blood is infused with primal strength.
The kobold barely misses you. The kobold hits you with a +0 club.
You barely miss the rat. Your grab misses the rat.
The kobold closely misses you. The kobold hits you but does no damage.
The rat bites you.
You barely miss the rat. Your grab misses the rat.
The kobold barely misses you. The kobold closely misses you. The rat bites you.
You barely miss the rat. Your grab misses the rat.
The kobold barely misses you. The kobold hits you with a +0 club.
The rat closely misses you.
You barely miss the rat. You grab the rat.
You pierce the rat.
You kill the rat!
The kobold closely misses you. The kobold hits you with a +0 club.
* * * LOW HITPOINT WARNING * * *
You closely miss the kobold. Your grab misses the kobold.
You pierce the kobold.
Your squeeze misses the kobold.
The kobold is moderately wounded.
The kobold hits you.
* * * LOW HITPOINT WARNING * * *
The kobold hits you with a +0 club.
You die...

....... .......
#..#. ....... #.#_
... .......
#..#... .......
#.....## .......
#.##..@
..$...K##.##.####
......K@........#
######..........#
#..........#
#..........#
#..........#
#######.####
#...#.#######
######............
..................


You could see 2 kobolds.

Vanquished Creatures
  A dart slug (D:1)
  A ball python (D:1)
  2 giant cockroaches
  6 goblins (D:1)
  2 hobgoblins (D:1)
  4 jackals (D:1)
  4 kobolds (D:1)
  4 bats
  A frilled lizard (D:1)
  5 rats
30 creatures vanquished.

Notes
Turn   | Place    | Note
-------+----------+-------------------------------------------
     0 | D:1      | tilp the Octopode Transmuter began the quest for the Orb.
     0 | D:1      | Reached XP level 1. HP: 13/13 MP: 3/3
    33 | D:1      | Reached skill level 1 in Stealth
   337 | D:1      | Reached skill level 2 in Stealth
   343 | D:1      | Reached XP level 2. HP: 13/18 MP: 5/5
   348 | D:1      | Learned a level 2 spell: Wereblood
   462 | D:1      | Reached skill level 3 in Stealth
   722 | D:1      | Reached XP level 3. HP: 21/23 MP: 1/6
   727 | D:1      | Reached skill level 4 in Stealth
  1126 | D:2      | Noticed Jessica
  1127 | D:2      | Found a faded altar of an unknown god.
  1135 | D:2      | HP: 1/23 [kobold (3)]
  1135 | D:2      | Slain by a kobold

Illustrated notes

Levels and vault maps discovered:
D:1:      dpeg_arrival_houses_and_road, layout_rooms
D:2:      layout_basic, chequers_ecumenical_altar_simple, minmay_tripent,
          uniq_jessica, uniq_robin, uniq_sigmund

Skill      XL: |  1  2  3 |
---------------+----------+-----
Stealth        | 2 3 4 |  4.0
Fighting       | |  1.1
Dodging        | |  2.0
Unarmed Combat | |  3.1
Spellcasting   | |  2.0
Transmutations | |  2.0

Action                   || total
-------------------------++-------
Melee: Unarmed           ||    61
       Constrict         ||    18
       Tentacles         ||    10
       Kick              ||     6
 Cast: Beastly Appendage ||     5
       Wereblood         ||     3
  Use: Scroll            ||     1
 Stab: Sleeping          ||     5
Armor: Skin              ||     9
Dodge: Dodged            ||    49

Table legend: (Time is in decaauts)
 A = Elapsed time spent in this place.
 B = Non-inter-level travel time spent in this place.
 C = Inter-level travel time spent in this place.
 D = Time resting spent in this place.
 E = Time spent auto-exploring this place.
 F = Levels seen in this place.
 G = Mean time per level.
                   A        B        C        D        E       F      G
               +--------+--------+--------+--------+--------+-----+--------+
         Total |   1132 |   1124 |      8 |    284 |    660 |   2 |  566.0 |
       Dungeon |   1132 |   1124 |      8 |    284 |    660 |   2 |  566.0 |
               +--------+--------+--------+--------+--------+-----+--------+

Top non-repeatable levels by time:
     D:1: 1057 daAuts
     D:2: 74 daAuts
